 Dungeon Crawl Stone Soup version 0.30.0-29-ga12c61a403 (webtiles) character file.

Game seed: 6528452077971827470

124 hawla the Firebug (level 5, -1/38 HPs)
             Began as a Meteoran Fire Elementalist on June 12, 2023.
             Splashed by a jelly's acid (9 damage)
             ... on level 4 of the Dungeon.
             The game lasted 00:04:42 (899 turns).

hawla the Firebug (Meteoran Fire Elementalist)       Turns: 899, Time: 00:04:43

Health: -1/38      AC:  2    Str:  8    XL:     5   Next: 56%
Magic:  11/11      EV: 13    Int: 17    God:
Gold:   136        SH:  0    Dex: 19    Spells: 3/10 levels left

rFire   . . .        (no weapon)
rCold   . . .        (no shield)
rNeg    . . .        a - +0 robe
rPois   .            (helmet restricted)
rElec   .            (no cloak)
rCorr   .            (no gloves)
SInv    .            (no boots)
Will    .....        (no amulet)
Stlth   +            e - ring of wizardry
HPRegen 0.26/turn    (no ring)
MPRegen 0.12/turn

%: clarity, wizardry (x1)
@: glowing
A: sense surroundings 1, otherworldly, glowing, explore regen, antennae 1, agile
1, clarity
a: no special abilities


You were on level 4 of the Dungeon.
You visited 1 branch of the dungeon, and saw 4 of its levels.

You collected 136 gold pieces.

Inventory:

Armour
 a - a +0 robe (worn)
Jewellery
 e - a ring of wizardry (left hand)
Scrolls
 d - a scroll of identify


   Skills:
 - Level 0.1 Fighting
 - Level 2.7 Dodging
 - Level 1.4 Stealth
 - Level 3.4 Spellcasting
 + Level 3.8 Conjurations
 - Level 4.9 Fire Magic


You had 3 spell levels left.
You knew the following spells:

 Your Spells              Type           Power      Damage    Failure   Level
a - Foxfire               Conj/Fire      68%        2x1d7     1%          1
b - Scorch                Fire           38%        2d7       1%          2
c - Flame Wave            Conj/Fire      17%        2d7       11%         4

Your spell library contained the following spells:

 Spells                   Type           Power      Damage    Failure   Level
 Inner Flame              Hex/Fire       11%        N/A       8%          3
 Volatile Blastmotes      Fire/Tloc      22%        2d11      8%          3
 Sublimation of Blood     Necr           2%         N/A       11%         2
 Petrify                  Tmut/Erth      2%         N/A       52%         4
 Irradiate                Conj/Tmut      4%         3d13      61%         5


Dungeon Overview and Level Annotations

Branches:
Dungeon (4/15) Zot: 1501   Temple (0/1) D:4

Altars:

Annotations:
D:4 Natasha


Innate Abilities, Weirdness & Mutations

You passively map a small area around you.
You are easily found by Zot.
You glow in the dark.
You regain HP and MP as you explore.
You have a pair of small antennae on your head.
You are agile. (Dex +4, Str/Int -1)
You possess an exceptional clarity of mind.


Message History

The cerulean imp hits you from afar with a +2 spear.
Unknown command.
Okay, then.
Casting: Foxfire (safe; 1% risk of failure)
Confirm with . or Enter, or press ? or * to list all spells.
Flames lash the adder.
You kill the adder!
Natasha wildly gestures.
You feel troubled. The cerulean imp barely misses you.
Casting: Scorch (safe; 1% risk of failure)
Confirm with . or Enter, or press ? or * to list all spells.
You conjure some foxfire!
The cerulean imp hits you from afar with a +2 spear.
* * * LOW HITPOINT WARNING * * *
Natasha barely misses you.
Casting: Foxfire (safe; 1% risk of failure)
Confirm with . or Enter, or press ? or * to list all spells.
You don't know that spell.
Unknown command.
Casting: Foxfire (safe; 1% risk of failure)
Confirm with . or Enter, or press ? or * to list all spells.
You conjure some foxfire!
The foxfire hits Natasha but does no damage.
The cerulean imp hits you from afar with a +2 spear.
* * * LOW HITPOINT WARNING * * *
Natasha mumbles some strange words.
You feel better.
The foxfire hits the cerulean imp.
The cerulean imp is lightly wounded.
The foxfire hits Natasha.
Natasha is lightly wounded.
The foxfire hits Natasha.
Natasha is lightly wounded.
The cerulean imp hits you from afar with a +2 spear.
* * * LOW HITPOINT WARNING * * *
Natasha closely misses you. The cerulean imp barely misses you.
Magic courses through your body. The jelly hits you.
* * * LOW HITPOINT WARNING * * *
You are splashed with acid!
You die...

* ,..... ,.... *,,...
, ... ,, #.####
#....##..
###########........
#..§@h5......)>....
#......J.###†....##..
#....5....##.....#
#.........##..##.#
#......)..##..# ...
#.........#.... ..) ,
#.........######, ...
#########.. ...


You could see a jelly, Natasha and 2 cerulean imps.

Vanquished Creatures
  Natasha (twice) (D:4)
  5 adders
  A worm (D:2)
  A dart slug (D:2)
  4 bats
  An endoplasm (D:2)
  A giant cockroach (D:4)
  5 goblins
  A hobgoblin (D:3)
  3 kobolds
  A quokka (D:2)
  4 ball pythons
  A frilled lizard (D:2)
  A rat (D:3)
31 creatures vanquished.

Vanquished Creatures (others)
  104 foxfires
104 creatures vanquished.

Grand Total: 135 creatures vanquished

Notes
Turn   | Place    | Note
-------+----------+-------------------------------------------
     0 | D:1      | hawla the Meteoran Fire Elementalist began the quest for
                  | the Orb.
     0 | D:1      | Reached XP level 1. HP: 14/14 MP: 5/5
    43 | D:1      | Reached skill level 4 in Fire Magic
    43 | D:1      | Reached XP level 2. HP: 20/20 MP: 0/6
   265 | D:2      | Reached XP level 3. HP: 26/26 MP: 3/8
   408 | D:3      | Gained mutation: You have a pair of small antennae on your
                  | head. [potion of mutation]
   408 | D:3      | Gained mutation: You possess an exceptional clarity of
                  | mind. [potion of mutation]
   408 | D:3      | Gained mutation: You are agile. (Dex +4, Str/Int -1)
                  | [potion of mutation]
   598 | D:4      | Noticed Natasha
   606 | D:4      | Killed Natasha
   607 | D:4      | Reached XP level 4. HP: 32/33 MP: 1/10
   610 | D:4      | Learned a level 2 spell: Scorch
   615 | D:4      | Learned a level 4 spell: Flame Wave
   816 | D:3      | You fall into a shaft and drop 1 floor!
   841 | D:4      | Noticed Natasha
   847 | D:4      | Killed Natasha
   848 | D:4      | Reached XP level 5. HP: 32/38 MP: 1/11
   859 | D:4      | Found a staircase to the Ecumenical Temple.
   882 | D:4      | Noticed Natasha
   899 | D:4      | Splashed by a jelly's acid

Illustrated notes

Levels and vault maps discovered:
D:1:      dpeg_chamrin_arrival_tetris, layout_rooms
D:2:      layout_loops_cross
D:3:      layout_loops_ring, gup_sewer_entry_bowl, hex_large,
          corexii_hall_statues_s
D:4:      layout_basic, minmay_temple_entry_ruins, kennysheep_cross_room,
          uniq_natasha

Skill      XL: |  1  2  3  4 |
---------------+-------------+-----
Fire Magic     | 4 |  4.9
Spellcasting   | 3 |  3.4
Conjurations   | 3 |  3.8
Fighting       | |  0.1
Dodging        | |  2.7
Stealth        | |  1.4

Action                     |  1- 3 |  4- 6 || total
---------------------------+-------+-------++-------
  Melee: Unarmed           |    13 |     2 ||    15
   Cast: Foxfire           |    41 |    25 ||    66
         Scorch            |       |     6 ||     6
         Flame Wave        |       |     1 ||     1
    Use: Scroll            |     2 |     2 ||     4
         Potion            |     1 |     3 ||     4
 Armour: Robe              |     5 |     2 ||     7
  Dodge: Dodged            |    14 |    21 ||    35
